AoeStats
← Michi3052

MegaRandom

505295767Analyzed
1v1 RM · 25d ago on Sep 8, 2026· 46m 33s· 2 players
Game mode
Random Map
Map size
Tiny (2 player)
Population
200
Speed
Normal
Resources
Standard
Victory
Conquest
Starting age
Dark Age
Ending age
Imperial Age
RankedLock teamsTeams togetherTeam positionsShared explorationLock speedFull tech treeHidden civsTurbo modeCheats
Victory
Defeat
🇪🇸 Burmese · Spain
614
+15
🇦🇷 Malians · Argentina
593
-15
StWhat
1:54 Loom
2:20 Loom
7:12 Loom
11:39 Feudal Age
12:58 Wheelbarrow
12:14 Double-Bit Axe
11:50 Man-at-Arms
19:00 Horse Collar
21:57 Town Watch
25:59 Castle Age
24:17 Bloodlines
25:38 Scale Barding Armor
26:15 Stone Mining
27:27 Squires
26:52 Pikeman
27:05 Light Cavalry
27:46 Husbandry
30:54 Hand Cart
30:40 Town Patrol
31:38 Bow Saw
32:06 Heavy Plow
33:47 Forging
36:12 Fervor
36:16 Tigui
37:02 Chain Barding Armor
40:09 Iron Casting
44:07 Imperial Age
46:01 Plate Barding Armor
45:18 Fletching
45:41 Scale Mail Armor
45:04 Heavy Camel Rider
45:07 Cavalier
Michi3052
6:55 Loom
9:28 Feudal Age
15:09 Castle Age
16:07 Scale Barding Armor
16:21 Bloodlines
22:35 Wheelbarrow
22:12 Town Watch
22:31 Horse Collar
26:07 Husbandry
26:24 Forging
27:07 Scale Mail Armor
27:21 Gold Mining
27:24 Stone Mining
31:50 Hand Cart
33:02 Gold Shaft Mining
34:22 Iron Casting
33:49 Scale Mail Armor
34:59 Man-at-Arms
35:25 Gambesons
35:41 Squires
35:27 Arson
39:15 Heavy Plow
39:28 Pikeman
39:54 Arson
43:39 Imperial Age
41:54 Manipur Cavalry
42:20 Long Swordsman
43:46 Chain Mail Armor
43:45 Halberdier
44:06 Capped Ram
44:51 Cavalier
Connection lost

Rejoining the realm…

Still unreachable

The connection could not be restored.

Session expired

The server has moved on; the page needs a fresh start.